 Dungeon Crawl Stone Soup version 0.30-a0-360-g447f08457e (webtiles) character file.

Game seed: 16752593342824407509

231 dracfodder the Conjurer (level 5, -1/39 HPs)
             Began as a Draconian Conjurer on Nov 12, 2022.
             Constricted to death by Ijyb (3 damage)
             ... on level 4 of the Dungeon on Nov 13, 2022.
             The game lasted 00:13:02 (4159 turns).

dracfodder the Conjurer (Draconian Conjurer)        Turns: 4159, Time: 00:13:05

Health: -1/39      AC:  5    Str: 10    XL:     5   Next: 72%
Magic:  6/10       EV:  9    Int: 20    God:
Gold:   181        SH:  0    Dex:  9    Spells: 3/10 levels left

rFire   . . .      SeeInvis .    b - +0 hand axe (vorpal)
rCold   . . .      Faith    .    (no shield)
rNeg    . . .      Spirit   .    (body armour unavailable)
rPois   .          Reflect  .    (helmet restricted)
rElec   .          Harm     .    (no cloak)
rCorr   .          Rampage  .    (no gloves)
Will    +....                    (no boots)
Stlth   ++........               (no amulet)
HPRegen 0.26/turn                e - ring of willpower
MPRegen 0.12/turn                (no ring)

@: grasped by roots, constricted
A: AC +5, unfitting armour, cold-blooded
a: no special abilities


You were on level 4 of the Dungeon.
You visited 1 branch of the dungeon, and saw 4 of its levels.

You collected 181 gold pieces.

Inventory:

Hand Weapons
 b - a +0 vorpal hand axe (weapon)
Jewellery
 e - a ring of willpower (left hand)
 l - a ring of see invisible
Scrolls
 k - a scroll of identify {unknown}
 o - a scroll of fear {unknown}
Potions
 a - a potion of magic
 c - a potion of heal wounds {unknown}
 d - a potion of might {unknown}
 f - a potion of berserk rage {unknown}
 g - 2 potions of cancellation {unknown}
 h - a potion of ambrosia {unknown}
 i - a potion of brilliance
 j - a potion of degeneration {unknown}
 m - 2 potions of curing {unknown}
 n - a potion of attraction {unknown}


   Skills:
 + Level 0.3 Fighting
 + Level 2.1 Dodging
 + Level 2.6 Stealth
 + Level 3.4 Spellcasting
 + Level 5.6 Conjurations
 + Level 0.8 Fire Magic


You had 3 spell levels left.
You knew the following spells:

 Your Spells              Type           Power      Damage    Failure   Level
a - Magic Dart            Conj           100%       1d8       1%          1
b - Searing Ray           Conj           50%        2d6       1%          2
c - Foxfire               Conj/Fire      64%        2x1d7     3%          1
d - Dazzling Flash        Conj/Hex       28%        N/A       13%         3

Your spell library contained the following spells:

 Spells                   Type           Power      Damage    Failure   Level
 Hailstorm                Conj/Ice       14%        3d5       13%         3
 Freeze                   Ice            12%        1d3       14%         1
 Mephitic Cloud           Conj/Pois/Air  10%        N/A       19%         3
 Call Imp                 Summ           3%         N/A       21%         2
 Frozen Ramparts          Ice            6%         1d1       38%         3
 Fulminant Prism          Conj/Hex       7%         3d7       41%         4
 Iskenderun's Mystic Bla  Conj/Tloc      14%        2d5       41%         4
 Fireball                 Conj/Fire      8%         3d6       69%         5
 Starburst                Conj/Fire      8%         6d4       99%         6


Dungeon Overview and Level Annotations

Branches:
Dungeon (4/15)
 Temple: D:4-7

Altars:
Gozag

Shops:
D:4 ?

Annotations:
D:4 Ijyb


Innate Abilities, Weirdness & Mutations

Your plain brown scales are hard. (AC +5)
You cannot fit into any form of body armour.
You are cold-blooded and may be slowed by cold attacks.


Message History

Ijyb hits you but does no damage. Ijyb closely misses you.
Casting: Searing Ray (safe; 1% risk of failure)
Confirm with . or Enter, or press ? or * to list all spells.
Aiming: Magic Dart (safe; 1% risk of failure)
Press: ? - help, Shift-Dir - straight line, f/p - Ijyb
Aim: Ijyb, wielding a +0 dagger, wearing a +2 leather armour of cold resistance and carrying a wand of roots (9) (heavily wounded, 100% to hit)
The magic dart hits Ijyb but does no damage.
Ijyb is heavily wounded.
The orc wizard shouts!
You hear a shout! x2
Ijyb zaps a wand.
The roots erupt in riotous growth!
The grasping roots grab you!
Ijyb is unaffected.
The grasping roots constrict you. Magic courses through your body.
Ijyb hits you but does no damage. The grasping roots constrict you.
* * * LOW HITPOINT WARNING * * *
Your magical contamination has completely faded away.
The grasping roots release their grip on you.
Aiming: Searing Ray (safe; 1% risk of failure)
Press: ? - help, Q - select action, (/) - cycle Shift-Dir - straight line, f/p - Ijyb
Aim: Ijyb, wielding a +0 dagger, wearing a +2 leather armour of cold resistance and carrying a wand of roots (8) (heavily wounded, 74% to hit)
The searing ray misses Ijyb. (Press . to maintain the ray.) Ijyb misses you.
The searing ray hits Ijyb.
Ijyb is heavily wounded.
Ijyb hits you with a +0 dagger.
* * * LOW HITPOINT WARNING * * *
The searing ray misses Ijyb.
Ijyb zaps a wand.
The roots erupt in riotous growth!
The grasping roots grab you!
Ijyb is unaffected.
The grasping roots constrict you.
* * * LOW HITPOINT WARNING * * *
The searing ray hits Ijyb.
Ijyb is heavily wounded.
You finish channelling your searing ray.
Ijyb hits you with a +0 dagger.
* * * LOW HITPOINT WARNING * * *
The grasping roots constrict you.
You die...

....(.≈.##.....#..
#####≈..##.....#..
######........
###........ ######
#..........
#.....########..........
..###.......##..........
#o#.g..............#.# #
#@................ #.
#...........)..#.# ###
###..............#..
..#.#................###
..###................###
........................
....................####
#######.....#......##
#######.######


You could see Ijyb and an orc wizard.

Vanquished Creatures
  A phantom (D:4)
  A hound (D:3)
  Jessica (D:2)
  Natasha (D:4)
  3 adders
  2 worms
  A dart slug (D:2)
  6 endoplasms
  A giant cockroach (D:4)
  4 goblins
  2 hobgoblins (D:1)
  8 kobolds
  2 quokkas (D:1)
  6 ball pythons
  5 bats
  2 frilled lizards
  4 rats
50 creatures vanquished.

Vanquished Creatures (others)
  56 foxfires
56 creatures vanquished.

Grand Total: 106 creatures vanquished

Notes
Turn   | Place    | Note
-------+----------+-------------------------------------------
     0 | D:1      | dracfodder the Draconian Conjurer began the quest for the
                  | Orb.
     0 | D:1      | Reached XP level 1. HP: 14/14 MP: 3/3
   346 | D:1      | Reached XP level 2. HP: 20/20 MP: 3/5
   349 | D:1      | Learned a level 2 spell: Searing Ray
   422 | D:1      | Found a faded altar of an unknown god.
  1472 | D:2      | Reached XP level 3. HP: 25/26 MP: 1/6
  1767 | D:2      | Learned a level 1 spell: Foxfire
  2154 | D:2      | Noticed Jessica
  2155 | D:2      | Found the +7 Kryia's mail coat {PotionHeal*2 rC+}
  2159 | D:2      | Killed Jessica
  2160 | D:2      | Reached skill level 5 in Conjurations
  2257 | D:3      | Found an opulent altar of Gozag.
  2263 | D:3      | Reached XP level 4. HP: 31/33 MP: 1/8
  2979 | D:3      | Upgraded the game from 0.30-a0-359-gd0147acb1a to
                  | 0.30-a0-360-g447f08457e
  3242 | D:4      | Found Eriotal's Magic Scroll Emporium.
  3295 | D:4      | Learned a level 3 spell: Dazzling Flash
  3477 | D:4      | Noticed a phantom
  3499 | D:4      | Killed a phantom
  3500 | D:4      | Reached XP level 5. HP: 6/38 MP: 1/9
  3976 | D:4      | Noticed Natasha
  3981 | D:4      | Killed Natasha
  4142 | D:4      | Noticed Ijyb
  4159 | D:4      | Constricted to death by Ijyb

Illustrated notes

Levels and vault maps discovered:
D:1:      dpeg_arrival_round_c, layout_basic,
          shapermc_ecumenical_altar_starsandcircs
D:2:      layout_rooms, uniq_jessica
D:3:      layout_loops_ring, grunt_gozag_breadcrumbs,
          hangedman_decor_diamond_cutter
D:4:      layout_rooms, nicolae_ru_path_of_blood,
          minmay_temple_entry_statues_fountains, serial_shops,
          nicolae_take_the_stairs, grunt_ministairs_13,
          minmay_a_box_with_orc_wizards_in_it, uniq_ijyb, uniq_natasha

Skill      XL: |  1  2  3  4 |
---------------+-------------+-----
Dodging        | 2 |  2.1
Stealth        | 2 |  2.6
Conjurations   | 5 |  5.6
Spellcasting   | 3 |  3.4
Fighting       | |  0.3
Fire Magic     | |  0.8

Action                   |  1- 3 |  4- 6 || total
-------------------------+-------+-------++-------
Melee: Short sword       |     2 |       ||     2
       Hand axe          |       |    12 ||    12
 Cast: Magic Dart        |    37 |    20 ||    57
       Searing Ray       |     7 |     6 ||    13
       Foxfire           |    10 |    20 ||    30
  Use: Scroll            |     2 |     2 ||     4
       Potion            |       |     2 ||     2
Armor: Skin              |     5 |    11 ||    16
Dodge: Dodged            |    23 |    11 ||    34

Table legend: (Time is in decaauts)
 A = Elapsed time spent in this place.
 B = Non-inter-level travel time spent in this place.
 C = Inter-level travel time spent in this place.
 D = Time resting spent in this place.
 E = Time spent auto-exploring this place.
 F = Levels seen in this place.
 G = Mean time per level.
                   A        B        C        D        E       F      G
               +--------+--------+--------+--------+--------+-----+--------+
         Total |   4161 |   4063 |     98 |   1097 |   2551 |   4 | 1040.2 |
       Dungeon |   4161 |   4063 |     98 |   1097 |   2551 |   4 | 1040.2 |
               +--------+--------+--------+--------+--------+-----+--------+

Top non-repeatable levels by time:
     D:1: 1588 daAuts
     D:3: 984 daAuts
     D:4: 920 daAuts
     D:2: 668 daAuts
